cohdb
Replays
Latest Replays
All Replays
Popular Replays
Top Player Replays
Match Explorer
How It Works
Community
CoH3 Stats
Reddit
Sign in to upload your games and track your stats! →
Sign in with Steam
Match 41490999
Unlisted
Match 41490999
Overview
Messages
Build Orders
End
Selects Italian Combined Arms Battlegroup
Selects Bersaglieri Squad
Bersaglieri Squad
Kradschützen Motorcycle Team
250 Light Carrier
Bersaglieri Squad
Construct Light Support Kompanie
Selects Bersaglieri Bolster
2.5-tonne Medical Truck
Fire Support Elements
Bersaglieri Squad
Veteran Squad Leaders
Vehicle Survival Package
Selects Breda Model 30 Light Machine Guns
Construct Panzerarmee Kommand
Panzerjäger Mechanized Group
Panzer III L Medium Tank
Selects Semovente da 75/18 Assault Gun
Emergency Repair Kits
Selects Strafing Run
Rapid Advance
Selects Artillery Cover
Panzer III L Medium Tank
Panzer III L Medium Tank
Artillery Cover
Tungsten Core Ammunition
Advanced Optics
AshCo Dismas
WARWOLFMELF
0
0
Comments
sign in to comment!
No comments posted yet!